 Dungeon Crawl Stone Soup version 0.20.0-15-g7f486f2 (webtiles) character file.

93 NoAnimeNoLife the Chopper (level 4, -7/39 HPs)
             Began as a Hill Orc Fighter on June 18, 2017.
             Mangled by endorz's ghost (11 damage)
             ... on level 4 of the Dungeon.
             The game lasted 00:01:41 (2139 turns).

NoAnimeNoLife the Chopper (Hill Orc Fighter)        Turns: 2139, Time: 00:01:41

Health: -7/39      AC:  6    Str: 18    XL:     4   Next: 61%
Magic:  4/4        EV:  7    Int:  8    God:
Gold:   226        SH:  9    Dex: 11    Spells: 3/3 levels left

rFire    . . .     SeeInvis .   a - +0 war axe
rCold    . . .     Gourm    .   c - +0 shield
rNeg     . . .     Faith    .   b - +0 scale mail
rPois    .         Spirit   .   (no helmet)
rElec    .         Reflect  .   (no cloak)
rCorr    .         Harm     .   (no gloves)
MR       .....                  (no boots)
Stlth    ..........             (no amulet)
Regen    0.2/turn               (no ring)
MPRegen  0.1/turn               (no ring)

@: no status effects
A: no striking features
a: no special abilities


You were on level 4 of the Dungeon.
You were not hungry.

You visited 1 branch of the dungeon, and saw 4 of its levels.

You collected 226 gold pieces.

Inventory:

Hand Weapons
 a - a +0 war axe (weapon)
Armour
 b - a +0 scale mail (worn)
 c - a +0 shield (worn)
Wands
 o - a wand of confusion (16/48)
Scrolls
 e - 3 scrolls of identify {unknown}
 h - a scroll of fog {unknown}
 i - 2 scrolls of teleportation {unknown}
 k - a scroll of enchant armour {unknown}
 n - a scroll of remove curse {unknown}
 p - a scroll of amnesia {unknown}
Potions
 d - a potion of might
 j - 2 potions of brilliance {unknown}
 l - a potion of ambrosia {unknown}
 m - 4 potions of heal wounds {unknown}
 r - a potion of resistance {unknown}
Comestibles
 f - 2 bread rations
 g - 2 royal jellies
 q - 2 meat rations


   Skills:
 - Level 3.6 Fighting
 + Level 6.2 Axes
 - Level 3.2 Armour
 - Level 3.2 Shields


You had 3 spell levels left.
You didn't know any spells.

Dungeon Overview and Level Annotations

Branches:
Dungeon (4/15)
 Temple: D:4-7

Altars:
Xom

Annotations:
D:4 endorz's ghost, amateur GrFi


Message History

You are too injured to fight recklessly!
You are too injured to fight recklessly!
You are too injured to fight recklessly!
You are too injured to fight recklessly!
You are too injured to fight recklessly!
You hit endorz's ghost.
Endorz's ghost is heavily damaged.
You block endorz's ghost's attack.
You hit endorz's ghost but do no damage.
Endorz's ghost is heavily damaged.
Endorz's ghost hits you!
* * * LOW HITPOINT WARNING * * *
Endorz's ghost barely misses you.
You hit endorz's ghost.
Endorz's ghost is severely damaged.
Endorz's ghost hits you but does no damage.
You hit endorz's ghost but do no damage.
Endorz's ghost is severely damaged.
Endorz's ghost hits you!
You die...

## #.# ####.. #.<#.#
#.##.# #.##.# ######
#.##.####.#.## .....#
#.##..@W.....#
.....######......$..##..
.....'..............#
....(######..######.#
.....'....#..# .#
.....####.#..# # .....#
#..# .....# ####
.....####


You could see endorz's ghost.

Vanquished Creatures
  5 adders (D:3)
  An ooze (D:3)
  A dart slug (D:1)
  An orc (D:3)
  3 giant cockroaches
  3 goblins
  6 hobgoblins
  2 jackals (D:3)
  9 kobolds
  A ball python (D:3)
  A bat (D:1)
  3 frilled lizards
  6 rats
42 creatures vanquished.

Notes
Turn   | Place    | Note
-------+----------+-------------------------------------------
     0 | D:1      | NoAnimeNoLife the Hill Orc Fighter began the quest for the Orb.
     0 | D:1      | Reached XP level 1. HP: 19/19 MP: 1/1
   104 | D:1      | Reached skill level 3 in Axes
   266 | D:1      | Reached XP level 2. HP: 26/26 MP: 2/2
   401 | D:1      | Reached skill level 4 in Axes
   959 | D:2      | Found a shimmering altar of Xom.
   990 | D:2      | Reached XP level 3. HP: 30/31 MP: 3/3
  1384 | D:3      | Reached skill level 5 in Axes
  1396 | D:3      | Reached XP level 4. HP: 12/39 MP: 4/4
  2008 | D:3      | Reached skill level 6 in Axes
  2127 | D:4      | Noticed endorz's ghost (amateur GrFi)
  2139 | D:4      | Mangled by endorz's ghost

Skill      XL: |  1  2  3  4 |
---------------+-------------+-----
Axes           | 3 4 5 6 |  6.2
Fighting       | |  3.6
Armour         | |  3.2
Shields        | |  3.2

Action                   |  1- 3 |  4- 6 || total
-------------------------+-------+-------++-------
Melee: War axe           |    94 |    40 ||   134
  Eat: Chunk             |     2 |     2 ||     4
Armor: Scale mail        |    41 |     6 ||    47
Dodge: Dodged            |    26 |    15 ||    41
Block: Shield            |    53 |    21 ||    74
